 Dungeon Crawl Stone Soup version 0.29-a0-43-g62a80824bf (webtiles) character file.

Game seed: 9038554810018776356

23 Hubjo the Sneak (level 2, -1/19 HPs)
             Began as a Vampire Enchanter on Feb 2, 2022.
             Slain by an adder (2 damage)
             ... on level 2 of the Dungeon.
             The game lasted 00:01:17 (226 turns).

Hubjo the Sneak (Vampire Enchanter)                  Turns: 226, Time: 00:01:18

Health: -1/19      AC:  2    Str:  7    XL:     2   Next: 72%
Magic:  5/5        EV: 12    Int: 17    God:
Gold:   0          SH:  0    Dex: 14    Spells: 5/5 levels left

rFire   . . .      SeeInvis +   a - +1 dagger
rCold   . . .      Faith    .   (no shield)
rNeg    . . .      Spirit   .   b - +0 robe
rPois   .          Reflect  .   (no helmet)
rElec   .          Harm     .   (no cloak)
rCorr   .          Rampage  .   (no gloves)
Will    .....                   (no boots)
Stlth   +++.......              (no amulet)
HPRegen 0.26/turn               (no ring)
MPRegen 0.09/turn               (no ring)

@: lethally poisoned (-1 -> -2), healing quickly
A: alive, fangs 3, see invisible, vampiric 1
a: Exsanguinate


You were on level 2 of the Dungeon.
You visited 1 branch of the dungeon, and saw 2 of its levels.

Inventory:

Hand Weapons
 a - a +1 dagger (weapon)
Armour
 b - a +0 robe (worn)
Scrolls
 e - a scroll of immolation {unknown}
Potions
 c - a potion of invisibility
 f - a potion of ambrosia {unknown}


   Skills:
 + Level 1.5 Short Blades
 + Level 2.5 Dodging
 * Level 5.0 Stealth
 + Level 2.2 Spellcasting
 + Level 4.7 Hexes


You had 5 spell levels left.
You didn't know any spells.
Your spell library contained the following spells:

 Spells                   Type           Power      Damage    Failure   Level
 Confusing Touch          Hex            17%        N/A       9%          3
 Tukima's Dance           Hex            17%        N/A       9%          3
 Ensorcelled Hibernation  Hex/Ice        18%        N/A       11%         2
 Dazzling Flash           Conj/Hex       18%        N/A       22%         3


Dungeon Overview and Level Annotations

Branches:
Dungeon (2/15)

Altars:


Innate Abilities, Weirdness & Mutations

Your natural rate of healing is accelerated.
You have razor-sharp teeth.
You have supernaturally acute eyesight. (SInv)
You are afflicted with vampirism.


Message History

You hit the dart slug.
The dart slug is moderately wounded.
You hit the dart slug.
The dart slug is heavily wounded.
The dart slug misses you.
You hit the dart slug.
You bite the dart slug, but do no damage.
The dart slug is severely wounded.
The dart slug bites you.
You hit the dart slug.
The dart slug is almost dead.
You hit the dart slug.
You kill the dart slug!
Your Stealth skill increases to level 5!
A hobgoblin comes into view.
An adder comes into view.
The hobgoblin hits you.
You hit the hobgoblin but do no damage. You bite the hobgoblin.
The hobgoblin is moderately wounded.
You hit the hobgoblin.
The hobgoblin is severely wounded.
The hobgoblin barely misses you.
You barely miss the hobgoblin.
The hobgoblin is severely wounded.
The hobgoblin hits you. The adder bites you.
You are poisoned.
The adder poisons you!
You barely miss the hobgoblin. Your bite misses the hobgoblin.
The hobgoblin is severely wounded.
You feel sick. The hobgoblin hits you. The adder bites you.
You hit the hobgoblin but do no damage.
The hobgoblin is severely wounded.
You feel sick. The adder bites you.
* * * LOW HITPOINT WARNING * * *
The hobgoblin barely misses you.
There is a lethal amount of poison in your body!
It was a potion of magic.
Magic courses through your body.
* * * LOW HITPOINT WARNING * * *
You feel sick. The adder bites you.
You die...

# #.#.<# ...
#.. ##....#....
##.##...#.#....
#..............
...#..........
#.#..........
#.......$....
##...S.......
#...@g......
#)###.......
#)# ...?... #.#
....... #.#
#.#.... #.(
.#.... ##.# .#
### .# .. ..


You could see an adder and a hobgoblin.

Vanquished Creatures
  2 dart slugs (D:2)
  6 goblins
  3 hobgoblins
  2 bats
  A frilled lizard (D:1)
  2 kobolds (D:1)
  3 rats (D:1)
19 creatures vanquished.

Notes
Turn   | Place    | Note
-------+----------+-------------------------------------------
     0 | D:1      | Hubjo the Vampire Enchanter began the quest for the Orb.
     0 | D:1      | Reached XP level 1. HP: 13/13 MP: 3/3
   107 | D:1      | Reached XP level 2. HP: 19/19 MP: 5/5
   170 | D:1      | You fall into a shaft and drop 1 floor!
   217 | D:2      | Reached skill level 5 in Stealth
   226 | D:2      | Slain by an adder

Illustrated notes

Levels and vault maps discovered:
D:1:      nicolae_arrival_washed_ashore, layout_rooms
D:2:      layout_basic, shapermc_ecumenical_altar_notcrosses

Skill      XL: |  1  2 |
---------------+-------+-----
Stealth        | 5 |  5.0
Short Blades   | |  1.5
Dodging        | |  2.5
Spellcasting   | |  2.2
Hexes          | |  4.7

Action                   || total
-------------------------++-------
Melee: Dagger            ||    74
       Bite              ||     7
  Use: Potion            ||     1
Armor: Robe              ||     8
Dodge: Dodged            ||    34

Table legend: (Time is in decaauts)
 A = Elapsed time spent in this place.
 B = Non-inter-level travel time spent in this place.
 C = Inter-level travel time spent in this place.
 D = Time resting spent in this place.
 E = Time spent auto-exploring this place.
 F = Levels seen in this place.
 G = Mean time per level.
                   A        B        C        D        E       F      G
               +--------+--------+--------+--------+--------+-----+--------+
         Total |    221 |    192 |     29 |     23 |     39 |   2 |  110.5 |
       Dungeon |    221 |    192 |     29 |     23 |     39 |   2 |  110.5 |
               +--------+--------+--------+--------+--------+-----+--------+

Top non-repeatable levels by time:
     D:1: 167 daAuts
     D:2: 53 daAuts
